 Dungeon Crawl Stone Soup version 0.31.0-11-ge490571c62 (webtiles) character file.

Game seed: 4713631365461079900

16 qw the Shooter (level 2, 0/14 HPs)
             Began as a Spriggan Hunter on Feb 4, 2024.
             Slain by a goblin
             ... wielding a +0 club
              (2 damage)
             ... on level 1 of the Dungeon.
             The game lasted 00:00:00 (300 turns).

qw the Shooter (Spriggan Hunter)                     Turns: 300, Time: 00:00:01

Health: 0/14       AC:  2    Str:  7    XL:     2   Next: 41%
Magic:  3/3        EV: 19    Int: 10    God:
Gold:   12         SH:  0    Dex: 18    Spells: 1/1 levels left

rFire   . . .        a - +0 shortbow
rCold   . . .        (shield currently unavailable)
rNeg    . . .        c - +0 robe
rPois   .            (helmet restricted)
rElec   .            (no cloak)
rCorr   .            (gloves unavailable)
SInv    +            (boots unavailable)
Will    .....        (no amulet)
Stlth   ++           (no ring)
HPRegen 0.22/turn    (no ring)
MPRegen 0.08/turn

%: no passive effects
@: very quick
A: very small, no large weapons, unfitting armour, see invisible, speed 3
a: no special abilities


You were on level 1 of the Dungeon.
You visited 1 branch of the dungeon, and saw 1 of its levels.

You collected 12 gold pieces.


Innate Abilities, Weirdness & Mutations

You are very small and have problems with some larger weapons.
You are too small for most types of armour.
You have supernaturally acute eyesight. (SInv)
You cover ground extremely quickly. (Speed+++)


   Skills:
 - Level 1.5 Fighting
 + Level 4.1 Ranged Weapons
 - Level 4.0 Dodging
 - Level 1.5 Stealth


You had one spell level left.
You didn't know any spells.
Your spell library was empty.

Inventory:

Hand Weapons
 a - a +0 shortbow (weapon)
Armour
 c - a +0 robe (worn)
Scrolls
 b - a scroll of butterflies
 d - a scroll of identify {unknown}
 g - a scroll of teleportation {unknown}
Potions
 e - a potion of lignification {unknown}
 f - a potion of magic {unknown}

Dungeon Overview and Level Annotations

Branches:
Dungeon (1/15)

Altars:

Shops:
D:1 ?


Message History

You shoot an arrow. The arrow closely misses the kobold.
You shoot an arrow. The arrow closely misses the kobold.
You shoot an arrow. The arrow hits the kobold.
The kobold is severely wounded.
You shoot an arrow. The arrow barely misses the kobold.
The kobold misses you. The goblin closely misses you.
You shoot an arrow. The arrow barely misses the kobold.
The kobold closely misses you. The goblin misses you.
You shoot an arrow. The arrow hits the kobold!
You kill the kobold!
The quokka bites you. The goblin hits you with a +0 club.
The quokka closely misses you.
You shoot an arrow.
The arrow hits the quokka but does no damage.
The quokka bites you. The goblin hits you with a +0 club.
You shoot an arrow. The arrow closely misses the quokka.
The quokka closely misses you. The goblin misses you.
The quokka completely misses you. The goblin closely misses you.
You shoot an arrow. The arrow closely misses the quokka.
The quokka completely misses you. The goblin misses you.
You shoot an arrow. The arrow hits the quokka.
The quokka is lightly wounded.
The quokka barely misses you. The quokka completely misses you.
The goblin closely misses you.
You shoot an arrow. The arrow closely misses the quokka.
The quokka bites you. The goblin barely misses you.
You shoot an arrow. The arrow barely misses the quokka.
The quokka closely misses you. The goblin hits you with a +0 club.
The quokka completely misses you.
You shoot an arrow. The arrow hits the quokka.
The quokka is almost dead.
The goblin barely misses you. The quokka barely misses you.
You shoot an arrow. The arrow barely misses the quokka.
The quokka closely misses you. The goblin misses you. The quokka misses you.
The goblin hits you with a +0 club.
You shoot an arrow.
The arrow hits the quokka but does no damage.
The quokka is almost dead.
The quokka completely misses you. The goblin hits you with a +0 club.
You die...

.##..........#
.......~~....#
.......~~....#
.[...........##
.....~....~...#
..............#
#.....rg).....#
#@# .. #
#..####.###.#
##
#...........#
.##
#####.##.####
#.# #. #.# #.#
# #.# #.## #.#
##.# #.##.#
.#.# #.##.#


You could see a quokka and a goblin.

Vanquished Creatures
  A dart slug (D:1)
  A bat (D:1)
  An endoplasm (D:1)
  A giant cockroach (D:1)
  4 hobgoblins (D:1)
  A kobold (D:1)
  A frilled lizard (D:1)
  2 goblins (D:1)
12 creatures vanquished.

Notes
Turn   | Place    | Note
-------+----------+-------------------------------------------
     0 | D:1      | qw the Spriggan Hunter began the quest for the Orb.
     0 | D:1      | Reached XP level 1. HP: 10/10 MP: 2/2
     0 | D:1      | 0 ||| qw: Version: 0.3-a-160-g6735b56
     0 | D:1      | 0 ||| qw: Game counter: 5530
     0 | D:1      | 0 ||| qw: Melee chars always use a shield: true
     0 | D:1      | 0 ||| qw: God list: Okawaru
     0 | D:1      | 0 ||| qw: Allow faded altars: false
     0 | D:1      | 0 ||| qw: Do Orc after clearing Dungeon:15 true
     0 | D:1      | 0 ||| qw: Do second Lair branch before Depths: true
     0 | D:1      | 0 ||| qw: Lair rune preference: random
     0 | D:1      | 0 ||| qw: Goals: Normal
     0 | D:1      | 0 ||| PLANNING D:1-11
    12 | D:1      | Reached skill level 3 in Dodging
   113 | D:1      | Found Veixacvo's Magic Scroll Boutique.
   139 | D:1      | Reached XP level 2. HP: 6/14 MP: 3/3
   178 | D:1      | 178 ||| SHOPLISTING scroll of enchant armour (75 gold, have
                  | 0).
   178 | D:1      | 178 ||| SHOPLISTING scroll of identify (20 gold, have 0).
   297 | D:1      | HP: 3/14 [goblin/+0 club (1)]
   299 | D:1      | HP: 1/14 [goblin/+0 club (2)]
   300 | D:1      | Slain by a goblin

Levels and vault maps discovered:
D:1:      dpeg_arrival_morbid_curiosity, layout_loops_ring, serial_shops,
          nicolae_shop_tiny_statue_garden, minmay_misc_feat_pillars,
          skrybe_limestone_x, minmay_lizard_king

Skill      XL: |  1  2 |
---------------+-------+-----
Dodging        | 3 4 |  4.0
Fighting       | |  1.5
Ranged Weapons | |  4.1
Stealth        | |  1.5

Action                     || total
---------------------------++-------
   Fire: Shortbow          ||    52
 Armour: Robe              ||    13
  Dodge: Dodged            ||    33

Table legend:
 A = Non-vault XP
 B = Vault XP
 C = Vault XP percentage of total XP
 D = Non-vault monster count
 E = Vault monster count
 F = Vault count percentage of total count
                 A         B        C        D         E       F
            +---------+---------+-------+---------+---------+-------
      Total |      17 |       7 |  29.2 |       8 |       4 |  33.3
            +---------+---------+-------+---------+---------+-------
        D:1 |      17 |       7 |  29.2 |       8 |       4 |  33.3
            +---------+---------+-------+---------+---------+-------
